 Dungeon Crawl Stone Soup version 0.21-a0-94-gdd6ab6a (webtiles) character file.

56 Lavandula the Bolt Thrower (level 3, -3/26 HPs)
             Began as a Mummy Arcane Marksman on July 3, 2017.
             Slain by a hound (6 damage)
             ... on level 3 of the Dungeon.
             The game lasted 00:05:24 (789 turns).

Lavandula the Bolt Thrower (Mummy Arcane Marksman)   Turns: 789, Time: 00:05:25

Health: -3/26      AC:  2    Str: 13    XL:     3   Next: 69%
Magic:  4/5        EV: 12    Int: 12    God:
Gold:   70         SH:  0    Dex: 13    Spells: 1/4 levels left

rFire    x . .     SeeInvis .   a - +0 hand crossbow
rCold    + . .     Gourm    .   (no shield)
rNeg     + + +     Faith    .   e - +0 robe
rPois    ∞         Spirit   .   (no helmet)
rElec    .         Reflect  .   (no cloak)
rCorr    .         Harm     .   (no gloves)
MR       .....                  (no boots)
Stlth    +.........             (no amulet)
HPRegen  0.08/turn              (no ring)
MPRegen  0.09/turn              (no ring)

@: no status effects
A: no food or potions, fire vulnerability, cold resistance 1, negative energy
resistance 3, torment resistance, unbreathing
a: no special abilities


You were on level 3 of the Dungeon.
You were not hungry.

You visited 1 branch of the dungeon, and saw 3 of its levels.

You collected 70 gold pieces.

Inventory:

Hand Weapons
 a - a +0 hand crossbow (weapon)
 f - a +3 dagger
Missiles
 d - 38 bolts (quivered)
Armour
 e - a +0 robe (worn)
 j - a +0 ring mail
Magical Staves
 o - an uncursed staff of fire
Scrolls
 h - a scroll of immolation
 m - a scroll of amnesia {unknown}
Books
 c - a book of Debilitation

   Spells                             Type                      Level
   a - Corona                         Hexes                        1
   b - Slow                           Hexes                        2
   c - Inner Flame                    Hexes/Fire                   3
   d - Portal Projectile              Hexes/Translocation          3
   e - Cause Fear                     Hexes                        4
   f - Leda's Liquefaction            Hexes/Earth                  4


   Skills:
 - Level 1.0 Fighting
 + Level 3.3 Crossbows
 - Level 1.5 Dodging
 - Level 1.3 Spellcasting
 - Level 2.6 Hexes


You had one spell level left.
You knew the following spells:

 Your Spells              Type           Power        Failure   Level  Hunger
a - Corona                Hex            #......      10%         1    N/A
b - Slow                  Hex            #.......     14%         2    N/A

Dungeon Overview and Level Annotations

Branches:
Dungeon (3/15)

Altars:
Wu Jian

Annotations:
D:3 Grinder


Innate Abilities, Weirdness & Mutations

You do not eat or drink.
Your flesh is vulnerable to fire.
You are immune to poison.
Your flesh is cold resistant. (rC+)
You are immune to negative energy. (rN+++)
You are immune to unholy pain and torment.
You can survive without breathing.


Message History

The bolt hits the hound but does no damage.
The hound is moderately wounded.
The hound closely misses you. The hound bites you but does no damage.
An orc comes into view.
Firing (i - inventory):
d - 39 bolts (quivered)
Press: ? - help, Shift-Dir - straight line, f/p - orc
Aim: an orc, wielding a short sword You shoot a bolt.
The bolt closely misses the hound.
The orc shouts!
The bolt hits the orc.
The orc is moderately wounded.
The hound bites you.
* * * LOW HITPOINT WARNING * * *
The hound bites you.
* * * LOW HITPOINT WARNING * * *
As you read the scroll labeled XUFUIFA PIANYQ, it crumbles to dust.
It is a scroll of identify.
h - a scroll of immolation The hound bites you.
You die...

...# #....# .# ..... #....
.o. ...... ##.#.##((g
......###..o.#.(#
##.....................
........(............. ...
#.......>.#....(.#?# ..
............h((..(# ..
...........@oo...## .#
##...............# .#
#................# .#
#................... .#
##.†.................. .#
##.....................
.###.................#..##
......†...†............##
#...........###........#


You could see a hound and 3 orcs.

Vanquished Creatures
  2 adders (D:3)
  2 worms
  A leopard gecko (D:2)
  2 bats
  A giant cockroach (D:3)
  4 goblins
  3 hobgoblins
  2 jackals (D:1)
  A ball python (D:1)
  A frilled lizard (D:1)
  4 kobolds
  6 rats
29 creatures vanquished.

Notes
Turn   | Place    | Note
-------+----------+-------------------------------------------
     0 | D:1      | Lavandula the Mummy Arcane Marksman began the quest for the Orb.
     0 | D:1      | Reached XP level 1. HP: 15/15 MP: 2/2
    94 | D:1      | Reached skill level 2 in Crossbows
   137 | D:1      | Reached XP level 2. HP: 17/21 MP: 4/4
   529 | D:2      | Found an ornate altar of the Wu Jian Council.
   649 | D:3      | Reached skill level 3 in Crossbows
   649 | D:3      | Reached XP level 3. HP: 16/26 MP: 3/5
   761 | D:3      | Learned a level 2 spell: Slow
   769 | D:3      | Noticed Grinder
   789 | D:3      | Slain by a hound

Vault maps used:
D:1:      lemuel_arrival_broad_hall
D:2:      lemuel_crystal_altar, minmay_misc_feat_rows
D:3:      chequers_ecumenical_altar_simple_redux, uniq_natasha, uniq_grinder

Skill      XL: |  1  2 |
---------------+-------+-----
Crossbows      | 2 3 |  3.3
Fighting       | |  1.0
Dodging        | |  1.5
Spellcasting   | |  1.3
Hexes          | |  2.6

Action                   || total
-------------------------++-------
Melee: Short sword       ||     2
 Fire: Hand crossbow     ||    83
 Cast: Corona            ||    17
  Use: Scroll            ||     3
Armor: Robe              ||    13
Dodge: Dodged            ||    38
